 Dungeon Crawl Stone Soup version 0.27-a0-1065-ge809cff456 (console) character file.

Game seed: 4608641108820168341

6 nht the Digger (level 1, -2/13 HPs)
             Began as a Demonspawn Earth Elementalist on Apr 23, 2021.
             Was an Initiate of Gozag.
             Slain by an endoplasm (3 damage)
             ... on level 1 of the Dungeon.
             The game lasted 00:00:42 (151 turns).

nht the Digger (Demonspawn Earth Elementalist)       Turns: 151, Time: 00:00:42

Health: -2/13      AC:  3    Str:  8    XL:     1   Next: 75%
Magic:  0/3        EV: 12    Int: 16    God:    Gozag
Gold:   0          SH:  0    Dex: 13    Spells: 3/4 levels left

rFire    . . .     SeeInvis .   (no weapon)
rCold    . . .     Faith    .   (no shield)
rNeg     . . .     Spirit   .   c - +0 robe
rPois    .         Reflect  .   (no helmet)
rElec    .         Harm     .   a - +0 cloak
rCorr    .         Rampage  .   (no gloves)
Will     .....                  (no boots)
Stlth    ++........             (no amulet)
HPRegen  0.04/turn              (no ring)
MPRegen  0.08/turn              (no ring)

@: no status effects
A: no striking features
a: Renounce Religion, Potion Petition, Call Merchant, Bribe Branch


You were on level 1 of the Dungeon.
You worshipped Gozag.
Gozag was noncommittal.
You visited 1 branch of the dungeon, and saw 1 of its levels.

Inventory:

Missiles
 b - 22 stones
Armour
 a - a +0 cloak (worn)
 c - a +0 robe (worn)


   Skills:
 - Level 1.7 Dodging
 - Level 1.7 Stealth
 - Level 2.0 Spellcasting
 - Level 0.8 Transmutations
 + Level 3.1 Earth Magic


You had 3 spell levels left.
You knew the following spells:

 Your Spells              Type           Power      Damage    Failure   Level
a - Sandblast             Erth           22%        2d7       6%          1

Your spell library contained the following spells:

 Spells                   Type           Power      Damage    Failure   Level
 Passwall                 Tmut/Erth      6%         N/A       14%         2
 Stone Arrow              Conj/Erth      12%        3d7       32%         3
 Petrify                  Tmut/Erth      8%         N/A       65%         4
 Lee's Rapid Deconstruct  Erth           5%         3d7*      85%         5


Dungeon Overview and Level Annotations

Branches:
Dungeon (1/15)

Altars:
Gozag


Message History

You kill the jackal!
Your Earth Magic skill increases to level 3!
The blast of sand misses the jackal.
The jackal barely misses you. The jackal bites you.
The jackal closely misses you. The jackal bites you.
You barely miss the jackal. The jackal bites you.
You hit the jackal but do no damage. The jackal closely misses you.
The blast of sand hits the jackal.
You kill the jackal!
The jackal barely misses you.
You closely miss the jackal. The jackal misses you.
You hit the jackal but do no damage. The jackal closely misses you.
The jackal bites you but does no damage.
You hit the jackal but do no damage.
The jackal bites you but does no damage.
You closely miss the jackal. The jackal barely misses you.
You hit the jackal.
The jackal is moderately wounded.
The jackal closely misses you. The jackal barely misses you.
You hit the jackal but do no damage.
The jackal is moderately wounded.
The endoplasm freezes you.
You are frozen.
The jackal barely misses you.
You hit the endoplasm but do no damage. The jackal barely misses you.
The endoplasm freezes you.
You are frozen.
The jackal barely misses you.
You hit the endoplasm.
The endoplasm is lightly wounded.
The endoplasm freezes you.
You are frozen.
* * * LOW HITPOINT WARNING * * *
The jackal bites you.
* * * LOW HITPOINT WARNING * * *
You aren't carrying any potions.
You hit the endoplasm.
The endoplasm is moderately wounded.
The jackal closely misses you. The endoplasm hits you.
You die...
Your body crumbles into a pile of gold.

█...≈[≈≈≈≈≈≈█....... █
█....≈._≈...........
█.█...≈.≈≈≈≈≈≈█.......
█.█..≈.≈≈≈.≈..█.......
█.█≈.≈...≈≈.█........
█..≈.....≈█SJ.S.....
██.█.....█.█........
██J█████.███.......
██@hJS.██ ███....


███████ ... .. You could see 2 endoplasms, a jackal and a ball python.

Vanquished Creatures
  A ball python (D:1)
  2 jackals (D:1)
  A bat (D:1)
  A frilled lizard (D:1)
  A kobold (D:1)
6 creatures vanquished.

Notes
Turn   | Place    | Note
-------+----------+-------------------------------------------
     0 | D:1      | nht the Demonspawn Earth Elementalist began the quest for
                  | the Orb.
     0 | D:1      | Reached XP level 1. HP: 13/13 MP: 3/3
   114 | D:1      | Found a faded altar of an unknown god.
   123 | D:1      | Became a worshipper of Gozag Ym Sagoz the Greedy
   133 | D:1      | Reached skill level 3 in Earth Magic
   151 | D:1      | Slain by an endoplasm

Illustrated notes

Levels and vault maps discovered:
D:1:      psy_arrival_fountain, layout_rooms,
          shapermc_ecumenical_altar_starsandcircs, glass_columns_b

Skill      XL: |  1 |
---------------+----+-----
Earth Magic    | 3 |  3.1
Dodging        | |  1.7
Stealth        | |  1.7
Spellcasting   | |  2.0
Transmutations | |  0.8

Action                   || total
-------------------------++-------
Melee: Unarmed           ||    11
 Cast: Sandblast         ||     8
Armor: Robe              ||     2
Dodge: Dodged            ||    14

Table legend: (Time is in decaauts)
 A = Elapsed time spent in this place.
 B = Non-inter-level travel time spent in this place.
 C = Inter-level travel time spent in this place.
 D = Time resting spent in this place.
 E = Time spent auto-exploring this place.
 F = Levels seen in this place.
 G = Mean time per level.
                   A        B        C        D        E       F      G
               +--------+--------+--------+--------+--------+-----+--------+
         Total |    152 |    126 |     26 |      0 |     73 |   1 |  152.0 |
       Dungeon |    152 |    126 |     26 |      0 |     73 |   1 |  152.0 |
               +--------+--------+--------+--------+--------+-----+--------+

Top non-repeatable levels by time:
     D:1: 152 daAuts
